PCL
IOWA CUBS @ OMAHA STORM CHASERS
07/24/2099
 
TOP OF THE 1ST
Iowa Cubs batting - Pitching for Omaha Storm Chasers : RHP Aubrey Pettey
Pitching: RHP Aubrey Pettey
Batting: RHB Ryan Adkins 0-0: Ball
1-0: Called Strike
1-1: Ball
2-1: Swinging Strike
2-2: Ground out 4-3 (Groundball, 34, EV 107.5 MPH)
Batting: RHB Jeremy Piland 0-0: Called Strike
0-1: Ball
1-1: SOLO HOME RUN (Flyball, 78XD, EV 105.0 MPH), Distance : 398 ft
Batting: LHB Stuart Thomas 0-0: Foul Ball, location: 2F
0-1: Ball
1-1: Foul Ball, location: 3F
1-2: Strikes out swinging
Batting: RHB Jonathan Stooksberry 0-0: Called Strike
0-1: Ball
1-1: Foul Ball, location: 7LSF
1-2: Foul Ball, location: 3DF
1-2: Ball
2-2: Foul Ball, location: 9LMF
2-2: Ground out 4-3 (Groundball, 4, EV 85.0 MPH)
Top of the 1st over - 1 run, 1 hit, 0 errors, 0 left on base; Iowa 1 - Omaha 0
BOTTOM OF THE 1ST
Omaha Storm Chasers batting - Pitching for Iowa Cubs : LHP Jamie DeCiantis
Pitching: LHP Jamie DeCiantis
Batting: RHB Jacob Huckaby 0-0: Fly out, F7 (Flyball, 7, EV 83.1 MPH)
Batting: RHB Jayden Oden 0-0: Called Strike
0-1: Ball
1-1: Foul Ball, location: 2F
1-2: Foul Ball, location: 2F
1-2: Strikes out swinging
Batting: RHB Travis Bernsen 0-0: Swinging Strike
0-1: Ball
1-1: Swinging Strike
1-2: Ground out 6-3 (Groundball, 6, EV 78.8 MPH)
Bottom of the 1st over - 0 runs, 0 hits, 0 errors, 0 left on base; Iowa 1 - Omaha 0
TOP OF THE 2ND
Iowa Cubs batting - Pitching for Omaha Storm Chasers : RHP Aubrey Pettey
Batting: RHB Jaylin Tillman 0-0: Called Strike
0-1: Called Strike
0-2: Ball
1-2: Ball
2-2: Ball
3-2: Foul Ball, location: 7LMF
3-2: Fly out, F3 (Popup, 3SF, EV 74.4 MPH)
Batting: RHB Craig Bennett 0-0: Swinging Strike
0-1: Ball
1-1: SINGLE (Groundball, 34, EV 100.6 MPH) (infield hit)
Batting: RHB Ron Owings 0-0: Called Strike
0-1: Ball
1-1: Foul Ball, location: 2F
1-2: Ball
2-2: Fly out, F9 (Flyball, 9LD, EV 108.8 MPH)
Batting: RHB Ryan Helsel 0-0: Ball
Craig Bennett is caught stealing 2nd base 2-4
Top of the 2nd over - 0 runs, 1 hit, 0 errors, 0 left on base; Iowa 1 - Omaha 0
BOTTOM OF THE 2ND
Omaha Storm Chasers batting - Pitching for Iowa Cubs : LHP Jamie DeCiantis
Batting: RHB Kyle Mellecker 0-0: Ball
1-0: DOUBLE (Line Drive, 78D, EV 100.6 MPH)
Batting: RHB Matt McElhose Balk!
Kyle Mellecker to third
0-0: Ground out 5-3 (Groundball, 56, EV 88.8 MPH)
Kyle Mellecker scores
Batting: RHB Brett Montoya 0-0: Ball
1-0: Ball
2-0: Foul Ball, location: 9LSF
2-1: Ball
3-1: SINGLE (Flyball, 5D, EV 93.8 MPH)
Batting: RHB Gabe Murillo 0-0: Called Strike
0-1: Called Strike
0-2: Strikes out looking
Batting: RHB Mike Cassidy 0-0: Foul Ball, location: 2LF
0-1: Foul Ball, location: 2LF
0-2: SINGLE (Groundball, 4MD, EV 94.4 MPH)
Brett Montoya to second
Runner from 2nd tries for 3rd, SAFE, no throw by CF
Batting: RHB Tom Turnage 0-0: Ball
1-0: TRIPLE (Flyball, 8LXD, EV 91.9 MPH)
Brett Montoya scores
Mike Cassidy scores
Batting: RHB Jacob Huckaby 0-0: Ball
1-0: Ball
2-0: Called Strike
2-1: Foul Ball, location: 5F
2-2: Ball
3-2: 2-RUN HOME RUN (Flyball, 9LD, EV 95.0 MPH), Distance : 339 ft
Batting: RHB Jayden Oden 0-0: Swinging Strike
0-1: Ball
1-1: Swinging Strike
1-2: Ground out 6-3 (Groundball, 6S, EV 88.1 MPH)
Bottom of the 2nd over - 5 runs, 5 hits, 0 errors, 0 left on base; Iowa 1 - Omaha 5
TOP OF THE 3RD
Iowa Cubs batting - Pitching for Omaha Storm Chasers : RHP Aubrey Pettey
Batting: RHB Ryan Helsel 0-0: Swinging Strike
0-1: Ball
1-1: Foul Ball, location: 23F
1-2: Foul Ball, location: 3FF
1-2: Ball
2-2: Foul Ball, location: 5F
2-2: Foul Ball, location: 23F
2-2: Ball
3-2: Ground out 5-3 (Groundball, 5, EV 103.1 MPH)
Batting: RHB Jim Unknown 0-0: Called Strike
0-1: Ball
1-1: Foul Ball, location: 2F
1-2: Strikes out looking
Batting: RHB Ryan Adkins 0-0: Ball
1-0: Called Strike
1-1: Foul Ball, location: 2F
1-2: Fly out, F9 (Flyball, 9, EV 80.0 MPH)
Top of the 3rd over - 0 runs, 0 hits, 0 errors, 0 left on base; Iowa 1 - Omaha 5
BOTTOM OF THE 3RD
Omaha Storm Chasers batting - Pitching for Iowa Cubs : LHP Jamie DeCiantis
Batting: RHB Travis Bernsen 0-0: Ball
1-0: Ball
2-0: SOLO HOME RUN (Line Drive, 7LD, EV 93.8 MPH), Distance : 356 ft
Batting: RHB Kyle Mellecker 0-0: Ball
1-0: Ball
2-0: Swinging Strike
2-1: Foul Ball, location: 7LMFF
2-2: Foul Ball, location: 9LMF
2-2: Strikes out swinging
Batting: RHB Matt McElhose 0-0: Ball
1-0: Ground out 5-3 (Groundball, 56S, EV 85.6 MPH)
Batting: RHB Brett Montoya 0-0: Foul Ball, location: 2F
0-1: Called Strike
0-2: Ground out 6-3 (Groundball, 6, EV 86.9 MPH)
Bottom of the 3rd over - 1 run, 1 hit, 0 errors, 0 left on base; Iowa 1 - Omaha 6
TOP OF THE 4TH
Iowa Cubs batting - Pitching for Omaha Storm Chasers : RHP Aubrey Pettey
Batting: RHB Jeremy Piland 0-0: Called Strike
0-1: Ball
1-1: Ball
2-1: Reached on error, E4 (Groundball, 4M, EV 105.0 MPH)
Batting: LHB Stuart Thomas 0-0: Ball
1-0: Foul Ball, location: 2F
1-1: Ball
2-1: Swinging Strike
2-2: SINGLE (Line Drive, 6M, EV 110.6 MPH)
Jeremy Piland to second
Batting: RHB Jonathan Stooksberry 0-0: DOUBLE (Line Drive, 7LS, EV 99.4 MPH)
Jeremy Piland scores
Stuart Thomas to third
Runner from 3rd tries for Home, SAFE, no throw by LF
Batting: RHB Jaylin Tillman 0-0: Ball
1-0: Foul Ball, location: 23F
1-1: Ball
2-1: Ball
3-1: Base on Balls
Batting: RHB Craig Bennett 0-0: Called Strike
0-1: Foul Ball, location: 2F
0-2: SINGLE (Flyball, 9LM, EV 91.9 MPH)
Jonathan Stooksberry to third
Jaylin Tillman to second
Batting: RHB Ron Owings 0-0: Foul Ball, location: 7LMF
0-1: Ball
1-1: Ball
2-1: Foul Ball, location: 5FF
2-2: Strikes out swinging
Batting: RHB Ryan Helsel 0-0: Ball
1-0: Foul Ball, location: 2F
1-1: Ball
2-1: Ball
3-1: DOUBLE (Line Drive, 89D, EV 97.5 MPH)
Jonathan Stooksberry scores
Jaylin Tillman scores
Craig Bennett to third
Runner from 3rd tries for Home, SAFE, throw by CF to home
Batting: RHB Jim Unknown 0-0: Ground out 3-1 (Groundball, 34, EV 102.5 MPH)
Ryan Helsel to third
Batting: RHB Ryan Adkins 0-0: Foul Ball, location: 9LMF
0-1: Ball
1-1: DOUBLE (Line Drive, 7LS, EV 98.8 MPH)
Ryan Helsel scores
Pitching: RHP Dave Lizardi
Batting: RHB Jeremy Piland 0-0: Ball
1-0: Swinging Strike
1-1: Foul Ball, location: 2F
1-2: Strikes out swinging
Top of the 4th over - 6 runs, 5 hits, 1 error, 1 left on base; Iowa 7 - Omaha 6
BOTTOM OF THE 4TH
Omaha Storm Chasers batting - Pitching for Iowa Cubs : LHP Jamie DeCiantis
Batting: RHB Gabe Murillo 0-0: Called Strike
0-1: Swinging Strike
0-2: Ball
1-2: Ball
2-2: Ball
3-2: Ground out U3 (Groundball, 3S, EV 61.9 MPH)
Batting: RHB Mike Cassidy 0-0: Ball
1-0: Swinging Strike
1-1: Foul Ball, location: 3FF
1-2: Foul Ball, location: 3SF
1-2: SINGLE (Groundball, 4M, EV 81.9 MPH) (infield hit)
Pitching: RHP Josh Bushman
Batting: RHB Tom Turnage 0-0: Ball
1-0: Fielders Choice at 2nd, 1-6 (Groundball, 34S, EV 77.5 MPH)
Batting: RHB Jacob Huckaby 0-0: Called Strike
0-1: SINGLE (Groundball, 5S, EV 70.6 MPH) (infield hit)
Tom Turnage to second
Batting: RHB Jayden Oden 0-0: Ball
1-0: Called Strike
1-1: SINGLE (Groundball, 4D, EV 93.8 MPH)
Tom Turnage to third
Jacob Huckaby to second
Runner from 3rd tries for Home, SAFE, throw by CF to home
Batting: RHB Travis Bernsen 0-0: Ball
1-0: Foul Ball, location: 2F
1-1: Swinging Strike
1-2: Foul Ball, location: 5FF
1-2: Ball
2-2: Foul Ball, location: 2F
2-2: Ball
3-2: Ground out U3 (Groundball, 3, EV 85.0 MPH)
Bottom of the 4th over - 1 run, 3 hits, 0 errors, 2 left on base; Iowa 7 - Omaha 7
TOP OF THE 5TH
Iowa Cubs batting - Pitching for Omaha Storm Chasers : RHP Dave Lizardi
Batting: LHB Stuart Thomas 0-0: Ball
1-0: Ground out 4-3 (Groundball, 4, EV 101.3 MPH)
Batting: RHB Jonathan Stooksberry 0-0: Foul Ball, location: 9LSF
0-1: Called Strike
0-2: Fly out, F5 (Popup, 56S, EV 80.6 MPH)
Batting: RHB Jaylin Tillman 0-0: Fly out, F7 (Flyball, 7S, EV 94.4 MPH)
Top of the 5th over - 0 runs, 0 hits, 0 errors, 0 left on base; Iowa 7 - Omaha 7
BOTTOM OF THE 5TH
Omaha Storm Chasers batting - Pitching for Iowa Cubs : RHP Josh Bushman
Batting: RHB Kyle Mellecker 0-0: Ball
1-0: Ball
2-0: Ball
3-0: Called Strike
3-1: Swinging Strike
3-2: Foul Ball, location: 9LDF
3-2: Foul Ball, location: 2F
3-2: Foul Ball, location: 2F
3-2: Base on Balls
Batting: RHB Matt McElhose 0-0: Called Strike
0-1: Swinging Strike
0-2: Ball
1-2: Strikes out swinging
Batting: RHB Brett Montoya 0-0: Ball
1-0: Foul Ball, location: 5DF
1-1: Ball
2-1: Foul Ball, location: 3SF
2-2: Ball
Wild Pitch!
Kyle Mellecker to second
3-2: Foul Ball, location: 2RF
3-2: Foul Ball, location: 5DF
3-2: DOUBLE (Flyball, 8LXD, EV 108.1 MPH)
Kyle Mellecker scores
Batting: RHB Gabe Murillo 0-0: Ball
1-0: Swinging Strike
1-1: Ball
2-1: Swinging Strike
2-2: Foul Ball, location: 2RF
2-2: Fly out, F8 (Flyball, 78D, EV 73.8 MPH)
Batting: RHB Mike Cassidy 0-0: Ball
1-0: Ball
2-0: Ball
3-0: Called Strike
3-1: Base on Balls
Pitching: LHP Raul Cirilo
Batting: RHB Tom Turnage 0-0: Swinging Strike
0-1: Ball
1-1: Foul Ball, location: 2F
1-2: TRIPLE (Flyball, 89XD, EV 91.3 MPH)
Brett Montoya scores
Mike Cassidy scores
Batting: RHB Jacob Huckaby 0-0: Ball
1-0: Called Strike
1-1: Called Strike
1-2: Foul Ball, location: 2F
1-2: Ball
2-2: Foul Ball, location: 2F
2-2: Ball
3-2: Base on Balls
Batting: RHB Jayden Oden 0-0: Ball
1-0: SINGLE (Groundball, 6MD, EV 100.0 MPH)
Tom Turnage scores
Jacob Huckaby to second
Runner from 2nd tries for 3rd, SAFE, throw by CF made to third
Batting: RHB Travis Bernsen 0-0: Ball
1-0: Foul Ball, location: 5F
1-1: Called Strike
1-2: Ball
2-2: Foul Ball, location: 25F
2-2: Ball
3-2: Ground out 5-3 (Groundball, 56, EV 96.9 MPH)
Bottom of the 5th over - 4 runs, 3 hits, 0 errors, 2 left on base; Iowa 7 - Omaha 11
TOP OF THE 6TH
Iowa Cubs batting - Pitching for Omaha Storm Chasers : RHP Dave Lizardi
Batting: RHB Craig Bennett 0-0: Ball
1-0: Ball
2-0: Swinging Strike
2-1: Ball
3-1: Base on Balls
Batting: RHB Ron Owings 0-0: Foul Ball, location: 5SF
0-1: Ball
Craig Bennett steals 2nd base
1-1: Ball
2-1: Fly out, F7 (Line Drive, 78M, EV 103.1 MPH)
Runner from 2nd tags up, SAFE at 3rd with throw by LF
Batting: RHB Ryan Helsel 0-0: Called Strike
0-1: Foul Ball, location: 2F
0-2: Ball
1-2: SINGLE (Groundball, 34D, EV 103.8 MPH)
Craig Bennett scores
Batting: RHB Jim Unknown 0-0: Ball
1-0: Fly out, F9 (Line Drive, 9, EV 84.4 MPH)
Batting: RHB Ryan Adkins 0-0: Called Strike
0-1: DOUBLE (Line Drive, 9LS, EV 89.4 MPH)
Ryan Helsel to third
Batting: RHB Jeremy Piland 0-0: Ball
1-0: Ball
2-0: Ball
3-0: Called Strike
3-1: Base on Balls
Batting: LHB Stuart Thomas 0-0: Ball
1-0: Foul Ball, location: 23F
1-1: Ball
2-1: Ball
3-1: Fly out, F6 (Popup, 6MS, EV 81.3 MPH)
Top of the 6th over - 1 run, 2 hits, 0 errors, 3 left on base; Iowa 8 - Omaha 11
BOTTOM OF THE 6TH
Omaha Storm Chasers batting - Pitching for Iowa Cubs : LHP Raul Cirilo
Batting: RHB Kyle Mellecker 0-0: Fly out, F4 (Line Drive, 4M, EV 65.6 MPH)
Batting: RHB Matt McElhose 0-0: Ball
1-0: Foul Ball, location: 2F
1-1: Ball
2-1: Called Strike
2-2: Foul Ball, location: 2F
2-2: Ball
3-2: SINGLE (Line Drive, 34D, EV 97.5 MPH)
Batting: RHB Brett Montoya 0-0: Fly out, F8 (Line Drive, 8RS, EV 89.4 MPH)
Batting: RHB Gabe Murillo 0-0: Called Strike
Matt McElhose steals 2nd base
0-1: Ball
1-1: Ball
2-1: Ball
3-1: Base on Balls
Batting: RHB Mike Cassidy 0-0: Foul Ball, location: 5SF
0-1: Ball
1-1: SINGLE (Line Drive, 89S, EV 110.0 MPH)
Matt McElhose to third
Gabe Murillo to second
Runner from 3rd tries for Home, SAFE, throw by RF to home
Batting: RHB Tom Turnage 0-0: Ball
1-0: DOUBLE (Line Drive, 89M, EV 101.9 MPH)
Gabe Murillo scores
Mike Cassidy to third
Runner from 3rd tries for Home, SAFE, throw by RF to home
Pitching: RHP Jim Unknown
Batting: RHB Jacob Huckaby 0-0: Ball
1-0: Ball
2-0: Foul Ball, location: 2F
2-1: Ball
3-1: Called Strike
3-2: Strikes out swinging
Bottom of the 6th over - 3 runs, 3 hits, 0 errors, 1 left on base; Iowa 8 - Omaha 14
TOP OF THE 7TH
Iowa Cubs batting - Pitching for Omaha Storm Chasers : RHP Dave Lizardi
Batting: RHB Jonathan Stooksberry 0-0: Ball
1-0: Swinging Strike
1-1: Called Strike
1-2: SINGLE (Line Drive, 34D, EV 95.0 MPH)
Batting: RHB Jaylin Tillman 0-0: SINGLE (Groundball, 3D, EV 102.5 MPH)
Jonathan Stooksberry to second
Runner from 2nd tries for 3rd, SAFE, throw by RF made to third
Batting: RHB Craig Bennett 0-0: Called Strike
0-1: Ball
1-1: Ball
2-1: Ball
3-1: Foul Ball, location: 2RF
3-2: Base on Balls
Jaylin Tillman to second
Batting: RHB Ron Owings 0-0: Ball
1-0: Foul Ball, location: 3DF
1-1: Ball
2-1: Foul Ball, location: 2F
2-2: Ball
3-2: Strikes out looking
Pitching: LHP Brian Clute
Batting: RHB Ryan Helsel 0-0: Ball
1-0: Called Strike
1-1: Foul Ball, location: 3FF
1-2: Fly out, F8 (Line Drive, 8RD, EV 88.1 MPH)
Runner from 3rd tags up, SCORES, throw by CF
Jaylin Tillman to third
Batting: RHB Jim Unknown 0-0: Ball
1-0: Called Strike
1-1: Called Strike
1-2: Foul Ball, location: 7LMF
1-2: Fly out, F9 (Flyball, 9, EV 97.5 MPH)
Top of the 7th over - 1 run, 2 hits, 0 errors, 2 left on base; Iowa 9 - Omaha 14
BOTTOM OF THE 7TH
Omaha Storm Chasers batting - Pitching for Iowa Cubs : RHP Jim Unknown
Batting: RHB Jayden Oden 0-0: Ball
1-0: Ball
2-0: Called Strike
2-1: Ball
3-1: Ground out 5-3 (Groundball, 56, EV 91.9 MPH)
Batting: RHB Travis Bernsen 0-0: Swinging Strike
0-1: Ball
1-1: Foul Ball, location: 5F
1-2: Ball
2-2: Foul Ball, location: 2F
2-2: Ball
3-2: Ground out 5-3 (Groundball, 56, EV 91.3 MPH)
Batting: RHB Kyle Mellecker 0-0: Ball
1-0: DOUBLE (Line Drive, 7LS, EV 93.8 MPH)
Batting: RHB Matt McElhose 0-0: Called Strike
0-1: Ball
1-1: Ball
2-1: Called Strike
2-2: Ball
3-2: Base on Balls
Batting: RHB Brett Montoya 0-0: Ball
1-0: Ball
Wild Pitch!
Kyle Mellecker to third
Matt McElhose to second
2-0: Ball
3-0: Called Strike
3-1: Called Strike
3-2: DOUBLE (Line Drive, 5D, EV 106.9 MPH)
Kyle Mellecker scores
Matt McElhose scores
Batting: RHB Gabe Murillo 0-0: Ball
1-0: Called Strike
1-1: Ball
2-1: Ball
3-1: Base on Balls
Batting: RHB Mike Cassidy 0-0: Ball
1-0: Ball
2-0: Ball
3-0: Called Strike
3-1: Fly out, F6 (Line Drive, 56D, EV 68.8 MPH)
Bottom of the 7th over - 2 runs, 2 hits, 0 errors, 2 left on base; Iowa 9 - Omaha 16
TOP OF THE 8TH
Iowa Cubs batting - Pitching for Omaha Storm Chasers : LHP Brian Clute
Pinch Hitting: RHB Jim Unknown 0-0: Ground out 1-3 (Groundball, 15S, EV 72.5 MPH)
Batting: RHB Jeremy Piland 0-0: Ball
1-0: Foul Ball, location: 2F
1-1: Ball
2-1: DOUBLE (Line Drive, 89D, EV 99.4 MPH)
Pinch Hitting: RHB Jim Unknown 0-0: Foul Ball, location: 2F
0-1: Foul Ball, location: 7LDF
0-2: Foul Ball, location: 2F
0-2: Ball
1-2: Strikes out swinging
Pinch Hitting: LHB Jim Unknown 0-0: Fly out, F9 (Flyball, 9S, EV 89.4 MPH)
Top of the 8th over - 0 runs, 1 hit, 0 errors, 1 left on base; Iowa 9 - Omaha 16
BOTTOM OF THE 8TH
Omaha Storm Chasers batting - Pitching for Iowa Cubs : RHP Jim Unknown
Now at 1B: Jim Unknown
Now in LF: John Borchardt
Now in RF: Jim Unknown
Batting: RHB Tom Turnage 0-0: Called Strike
0-1: Ball
1-1: Ball
2-1: Fly out, F2 (Popup, 23F, EV 78.8 MPH)
Batting: RHB Jacob Huckaby 0-0: Foul Ball, location: 9LMF
0-1: Ball
1-1: Ball
2-1: Swinging Strike
2-2: Ball
3-2: Strikes out looking
Batting: RHB Jayden Oden 0-0: Ball
1-0: SOLO HOME RUN (Flyball, 7D, EV 92.5 MPH), Distance : 359 ft
Batting: RHB Travis Bernsen 0-0: Ground out 6-3 (Groundball, 6, EV 110.0 MPH)
Bottom of the 8th over - 1 run, 1 hit, 0 errors, 0 left on base; Iowa 9 - Omaha 17
TOP OF THE 9TH
Iowa Cubs batting - Pitching for Omaha Storm Chasers : LHP Brian Clute
Batting: RHB Jaylin Tillman 0-0: Foul Ball, location: 2F
0-1: Ball
1-1: Ground out 3-1 (Groundball, 34S, EV 85.0 MPH)
Batting: RHB Craig Bennett 0-0: Called Strike
0-1: Ball
1-1: Foul Ball, location: 9LSF
1-2: Ball
2-2: Ball
3-2: Ground out 2-3 (Groundball, 2L, EV 63.1 MPH)
Batting: RHB Ron Owings 0-0: Foul Ball, location: 9LDF
0-1: Ball
1-1: Ground out 6-3 (Groundball, 6S, EV 68.1 MPH)
Top of the 9th over - 0 runs, 0 hits, 0 errors, 0 left on base; Iowa 9 - Omaha 17
Sunday, May 12th , 2024 - OOTP Baseball 24.11 Build 85